[Event "Late-Titled-Tuesday-Blitz-April-30-2024"]
[Site "Chess.com"]
[Date "2024.04.30"]
[Round "10"]
[White "Vincefm"]
[Black "BabageldiAnnaberdiyev"]
[Result "1-0"]
[WhiteElo "2482"]
[BlackElo "2593"]
[TimeControl "180+1"]
[EndTime "15:53:03 PDT"]
[Termination "Vincefm won by resignation"]

1. e4 e6 2. d4 d5 3. Bd3 dxe4 4. Bxe4 Nf6 5. Bf3 c5 6. Ne2 Nbd7 7. O-O cxd4 8.
Nxd4 Ne5 9. Be2 Bc5 10. Nb3 Qxd1 11. Rxd1 Bb6 12. h3 O-O 13. Bf4 Nc6 14. Nc3 e5 15.
Bg5 Bf5 16. Rd2 Rac8 17. Bxf6 gxf6 18. Bg4 Be6 19. Nd5 Bd8 20. Nc5 f5 21. Be2 Nd4 22. Nxe6 fxe6 23. Ne3 f4 24. Ng4 Rxc2 25. Rxc2 Nxc2 26.
Rc1 Nd4 27. Bc4 Bf6 28. Re1 Rc8 29. Nxf6+ Kf7 30. Ng4 Rc5 31. Nxe5+ Kf6 32. Nd7+ 1-0

[Event "Late-Titled-Tuesday-Blitz-April-30-2024"]
[Site "Chess.com"]
[Date "2024.04.30"]
[Round "10"]
[White "Naoki"]
[Black "bobo_panda"]
[Result "1-0"]
[WhiteElo "2596"]
[BlackElo "2426"]
[TimeControl "180+1"]
[EndTime "15:53:04 PDT"]
[Termination "Naoki won by checkmate"]

1. e4 c5 2. Nf3 d6 3. d4 cxd4 4. Nxd4 Nf6 5. Nc3 a6 6. Rg1 e5 7. Nb3 Be7 8. g4 Be6 9. g5 Nfd7 10. Be3 Nc6 11. h4 Rc8 12. Qd2 b5 13. Nd5 Nc5 14.
f3 g6 15. Be2 Ra8 16. O-O-O Na4 17. Nxe7 Kxe7 18. f4 Qc7 19. Rgf1 exf4 20. Bxf4 Rhd8 21.
Kb1 Rac8 22. c3 Ne5 23. Nd4 Nc5 24. Nxe6 Nxe6 25. Qe3 Nxf4 26. Qxf4 Kf8 27. h5 Kg8 28. hxg6 fxg6 29. Bg4 Rf8 30. Be6+ Kh8 31. Qxf8+ Rxf8 32. Rxf8+ Kg7 33. Rg8# 1-0

[Event "Late-Titled-Tuesday-Blitz-April-30-2024"]
[Site "Chess.com"]
[Date "2024.04.30"]
[Round "10"]
[White "NovakRatko"]
[Black "merinasian"]
[Result "1-0"]
[WhiteElo "2429"]
[BlackElo "2586"]
[TimeControl "180+1"]
[EndTime "15:53:07 PDT"]
[Termination "NovakRatko won by resignation"]

1. d4 d6 2. f4 Nd7 3. e4 e5 4. fxe5 dxe5 5. Nf3 exd4 6. Qxd4 Ngf6 7. Bg5 h6 8. Bh4 Bc5 9. Qc3 Qe7 10. Nbd2 Bb4 11. Qxc7 Qxe4+ 12. Be2 Bxd2+ 13. Kxd2 O-O 14.
Bd3 Qb4+ 15. Qc3 Qf4+ 16. Kd1 Nd5 17. Qd4 Qxd4 18. Nxd4 Ne5 19. Be4 Ne3+ 20. Ke2 N3c4 21. b3 Nd6 22. Bd5 Re8 23. Kd2 Bg4 24. Rae1 Ng6 25.
Bg3 Rxe1 26. Rxe1 Rd8 27. c4 Nf5 28. Nxf5 Bxf5 29. Kc3 Kf8 30. Bxb7 Ne7 31. c5 Rd3+ 32. Kc4 Rd2 33. Bd6 Be6+ 34. Kc3 Rxg2 35. Bxg2 1-0

[Event "Late-Titled-Tuesday-Blitz-April-30-2024"]
[Site "Chess.com"]
[Date "2024.04.30"]
[Round "10"]
[White "azikom"]
[Black "miaou33"]
[Result "1-0"]
[WhiteElo "2728"]
[BlackElo "2535"]
[TimeControl "180+1"]
[EndTime "15:53:09 PDT"]
[Termination "azikom won by resignation"]

1. d4 d5 2. Bf4 Bf5 3. e3 e6 4.
Nf3 Nf6 5. a3 Bd6 6. Bg3 Ne4 7.
c4 Nxg3 8. hxg3 dxc4 9. Bxc4 Nc6 10. Nc3 O-O 11. Bd3 h6 12. Bxf5 exf5 13. Qc2 Qf6 14. O-O-O a5 15. Kb1 Rfe8 16. Nb5 Ne7 17. Rc1 c6 18. Nxd6 Qxd6 19. Ne5 Ng6 20. Nc4 Qe6 21. Rh5 Ne7 22. Ne5 f6 23. Nd3 b5 24. Nc5 Qf7 25. Rhh1 b4 26. a4 Rab8 27. Qc4 Nd5 28. Ka1 b3 29. Nd3 Rec8 30. Kb1 Qe6 31. Nf4 Qe4+ 32.
Qd3 Rb4 33. Qxe4 fxe4 34. Nxd5 Kf7 1-0

[Event "Late-Titled-Tuesday-Blitz-April-30-2024"]
[Site "Chess.com"]
[Date "2024.04.30"]
[Round "10"]
[White "mortngabriel"]
[Black "jaramsdal"]
[Result "1-0"]
[WhiteElo "2506"]
[BlackElo "2391"]
[TimeControl "180+1"]
[EndTime "15:53:09 PDT"]
[Termination "mortngabriel won by resignation"]

1. e4 e5 2. f4 exf4 3. Nf3 Nf6 4. e5 Nh5 5. d4 d6 6. Qe2 Be6 7. Nc3 d5 8. Qb5+ Nc6 9. Qxb7 Nb4 10. Bb5+ Ke7 11.
Ba4 Qb8 12. Qxb8 Rxb8 13. a3 Na6 14. b4 Kd8 15. Ne2 Rb6 16. Nxf4 Nxf4 17. Bxf4 h6 18. O-O Be7 19. c4 dxc4 20. d5 Bxd5 21. Rad1 c6 22. Bxc6 Rxc6 23. Rxd5+ Kc7 24. e6+ Bd6 25. Nd4 fxe6 26.
Rxd6 Rxd6 27. Nb5+ Kc6 28. Nxd6 c3 29. b5+ 1-0

[Event "Late-Titled-Tuesday-Blitz-April-30-2024"]
[Site "Chess.com"]
[Date "2024.04.30"]
[Round "10"]
[White "rdarruda"]
[Black "FredddieCroderg"]
[Result "1-0"]
[WhiteElo "2555"]
[BlackElo "2444"]
[TimeControl "180+1"]
[EndTime "15:53:10 PDT"]
[Termination "rdarruda won by checkmate"]

1. e4 c6 2. d3 d5 3. Nd2 g6 4. Ngf3 Bg7 5. g3 e5 6. Bg2 Ne7 7. O-O O-O 8. b3 d4 9. Bb2 c5 10. Nc4 b5 11. a4 bxc4 12. bxc4 Nbc6 13. a5 h6 14. a6 Nb4 15. Ba3 Nxa6 16. Qd2 Rb8 17.
Rfb1 Rxb1+ 18. Rxb1 Nc6 19. Rb5 Ncb4 20. Ne1 Bd7 21.
Rb7 Bc6 22. Rxa7 Qa5 23. Bxb4 Qxb4 24. Qxb4 Nxb4 25. Ra5 Rb8 26. Rxc5 Bf8 27. Rxe5 Bd7 28. f4 Na2 29. Nf3 Rb2 30. Nxd4 Bg7 31. Rd5 Be6 32. Rd8+ Kh7 33. Nxe6 fxe6 34. e5 Rxc2 35. Bh3 g5 36. Bxe6 gxf4 37. Bf5# 1-0

[Event "Late-Titled-Tuesday-Blitz-April-30-2024"]
[Site "Chess.com"]
[Date "2024.04.30"]
[Round "10"]
[White "Byniolus"]
[Black "CarlosjPineror"]
[Result "0-1"]
[WhiteElo "2837"]
[BlackElo "2736"]
[TimeControl "180+1"]
[EndTime "15:53:17 PDT"]
[Termination "CarlosjPineror won on time"]

1. d4 Nf6 2. Nf3 d6 3. Bf4 g6 4.
e3 Bg7 5. h3 O-O 6. Be2 c5 7.
c3 Be6 8. dxc5 dxc5 9. Qxd8 Rxd8 10. a4 Nc6 11. a5 Ne4 12. O-O Bb3 13. a6 b6 14. Na3 Na5 15. Bd1 f6 16. Bxb3+ Nxb3 17. Rad1 e5 18. Bh2 Ned2 19. Nxd2 Nxd2 20. Rfe1 Rd3 21. Nb5 Rad8 22. Ra1 R8d7 23. f4 e4 24. f5 gxf5 25. Bb8 Bh6 26. Bxa7 Nb3 27. Bxb6 Nxa1 28. Rxa1 Bxe3+ 29. Kf1 Rd2 30. a7 Rxa7 31. Rxa7 f4 32. b4 f3 33. gxf3 exf3 34. Ra8+ Kg7 35. Rd8 Rh2 36.
Rd7+ Kg6 0-1

[Event "Late-Titled-Tuesday-Blitz-April-30-2024"]
[Site "Chess.com"]
[Date "2024.04.30"]
[Round "10"]
[White "LyonBeast"]
[Black "DominguezOnYoutube"]
[Result "1/2-1/2"]
[WhiteElo "3122"]
[BlackElo "2976"]
[TimeControl "180+1"]
[EndTime "15:53:18 PDT"]
[Termination "Game drawn by agreement"]

1. e4 e5 2. Nf3 Nc6 3. Bc4 Bc5 4.
c3 Nf6 5. d3 d6 6. O-O a6 7. a4 Ba7 8. Nbd2 O-O 9. h3 h6 10. Re1 Re8 11. b4 Be6 12. Bxe6 Rxe6 13. Nf1 d5 14. Ng3 dxe4 15. dxe4 Qxd1 16. Rxd1 Rd6 17.
Ba3 b5 18. Rxd6 cxd6 19. axb5 axb5 20. Bb2 Rc8 21. Kf1 d5 22. Nf5 Bb8 23. Ra8 Rd8 24.
exd5 Nxd5 25. c4 bxc4 26. b5 Nc7 27. Ra4 Nxb5 28. Rxc4 Nbd4 29. N3xd4 Nxd4 30. Bxd4 exd4 31. Nxd4 Bd6 32. Nc6 Re8 33. Rd4 Bc5 34. Rd7 Bf8 35. h4 Re6 36. Nd8 Rd6 37. Rxd6 Bxd6 38. h5 Kf8 39.
Nc6 1/2-1/2

[Event "Late-Titled-Tuesday-Blitz-April-30-2024"]
[Site "Chess.com"]
[Date "2024.04.30"]
[Round "10"]
[White "GothamChess"]
[Black "rasmussvane"]
[Result "0-1"]
[WhiteElo "2690"]
[BlackElo "2941"]
[TimeControl "180+1"]
[EndTime "15:53:19 PDT"]
[Termination "rasmussvane won on time"]

1. e4 c6 2. d4 d5 3. f3 e6 4.
Nc3 Nd7 5. Be3 Bb4 6. a3 Ba5 7. Bd3 dxe4 8. fxe4 e5 9. Nf3 Qe7 10. O-O Ngf6 11. Kh1 O-O 12. Nh4 g6 13. Qf3 Ne8 14.
Qg3 Ng7 15. d5 Nh5 16. Qf2 Bb6 17. Rae1 Ndf6 18. h3 Bd7 19. Nf3 Rae8 20. Kh2 Qd8 21.
Bxb6 axb6 22. Rd1 cxd5 0-1

[Event "Late-Titled-Tuesday-Blitz-April-30-2024"]
[Site "Chess.com"]
[Date "2024.04.30"]
[Round "10"]
[White "MKlose11"]
[Black "FabianoCaruana"]
[Result "0-1"]
[WhiteElo "2687"]
[BlackElo "3078"]
[TimeControl "180+1"]
[EndTime "15:53:20 PDT"]
[Termination "FabianoCaruana won by resignation"]

1. e4 c5 2. Nc3 Nc6 3. d3 g6 4. g3 Bg7 5. Be3 d6 6. Qd2 h5 7.
h3 e6 8. Bg2 Nge7 9. Nge2 Rb8 10.
O-O b5 11. f4 b4 12. Nd1 a5 13. f5 Be5 14. fxe6 Bxe6 15. Nf4 Qd7 16. h4 O-O 17. Kh2 Bg4 18. Rb1 Nd4 19. Rc1 Ne6 20. Nf2 Bxb2 21. Nd5 Nxd5 22. exd5 Nd4 23. Ne4 f5 24. Ng5 Bxc1 25. Qxc1 Rbe8 26. Bxd4 cxd4 27. Ne6 Rf6 28.
Qf4 Rfxe6 29. dxe6 Qxe6 30. Qxd4 Qe5 31. Qc4+ Kg7 32.
Rf2 Qc5 33. Qf4 Qe3 34. Qxd6 Qxf2 35. Qd7+ Kf8 36. Qd6+ Kf7 37. Qd7+ Re7 38. Qd5+ Kg7 39. Qd4+ Qxd4 0-1

[Event "Late-Titled-Tuesday-Blitz-April-30-2024"]
[Site "Chess.com"]
[Date "2024.04.30"]
[Round "10"]
[White "sansanathalia"]
[Black "HipsterChess22"]
[Result "1-0"]
[WhiteElo "2405"]
[BlackElo "2194"]
[TimeControl "180+1"]
[EndTime "15:53:26 PDT"]
[Termination "sansanathalia won on time"]

1. d4 d5 2. e3 e6 3. Bd3 c6 4. Nf3 f5 5. O-O Nf6 6. b3 Bd6 7. Bb2 Qe7 8. Ne5 O-O 9. f4 b6 10. Nd2 Bb7 11. c4 Ne4 12. Bxe4 fxe4 13. Qg4 Nd7 14.
Rf2 Nf6 15. Qh3 a5 16. a3 c5 17. g4 cxd4 18. exd4 Bxe5 19. fxe5 Nd7 20. Raf1 Qg5 21.
Bc1 e3 22. Rxf8+ Rxf8 23. Rxf8+ Nxf8 24. Nf1 h5 25. Bxe3 Qxg4+ 26. Qxg4 hxg4 27. Kf2 dxc4 28. bxc4 Ng6 29. Kg3 Bf3 30. Nd2 Be2 31. Bf4 Kf7 32. d5 exd5 33. cxd5 Nxf4 34. Kxf4 b5 35. Ke3 Bf3 36.
Kd4 b4 37. axb4 axb4 38. Nc4 b3 39. Nb2 Kg6 40. d6 Kf7 41. Kc3 Ke6 42. Nd3 1-0

[Event "Late-Titled-Tuesday-Blitz-April-30-2024"]
[Site "Chess.com"]
[Date "2024.04.30"]
[Round "10"]
[White "klercaku"]
[Black "tolimachess"]
[Result "0-1"]
[WhiteElo "2253"]
[BlackElo "2431"]
[TimeControl "180+1"]
[EndTime "15:53:27 PDT"]
[Termination "tolimachess won by resignation"]

1. e4 c5 2. Nf3 Nc6 3. d4 cxd4 4. Nxd4 e5 5. Nb5 a6 6. Nd6+ Bxd6 7. Qxd6 Qe7 8. Qxe7+ Ngxe7 9. Bc4 Nd4 10. Bd3 d5 11. exd5 Nxd5 12. c3 Nf5 13. O-O O-O 14. Re1 f6 15.
Na3 Be6 16. Nc2 Rfe8 17. f4 exf4 18. Rxe6 Rxe6 19. Bxf5 Re5 20. Bd3 b5 21. Bd2 g5 22.
Nd4 Ne3 23. Re1 Rd8 24. h3 h5 25. Kf2 h4 26. Bxe3 fxe3+ 27. Rxe3 Rxe3 28. Kxe3 Kf7 29. Be4 Re8 30. Kf3 Re5 31. Nc6 Rc5 32.
Ke3 f5 33. Kd4 Rc4+ 34. Kd5 Rxe4 35. Ne5+ Kf6 36. Nd7+ Kg6 37. Ne5+ Kh5 38. Nf3 Re2 39. Nd4 Rxb2 40. Nxf5 Rxg2 41. Ng7+ Kg6 42. Ne6 Rxa2 43. Nf8+ Kf5 44. Nd7 Rd2+ 45. Kc6 Rxd7 0-1

[Event "Late-Titled-Tuesday-Blitz-April-30-2024"]
[Site "Chess.com"]
[Date "2024.04.30"]
[Round "10"]
[White "falzehope0"]
[Black "egnfanclub"]
[Result "1-0"]
[WhiteElo "2417"]
[BlackElo "2350"]
[TimeControl "180+1"]
[EndTime "15:53:28 PDT"]
[Termination "falzehope0 won on time"]

1. d4 d5 2. e3 Nf6 3. Bd3 e6 4. f4 c5 5. c3 Nc6 6. Nf3 Qc7 7.
O-O b6 8. Ne5 Bb7 9. Nd2 Be7 10.
Qf3 O-O 11. g4 Nxe5 12. fxe5 Ne4 13. Nxe4 dxe4 14. Bxe4 Bxe4 15. Qxe4 Rad8 16. Bd2 b5 17. Rf3 Bg5 18. Raf1 cxd4 19. cxd4 Rc8 20. Bb4 Be7 21. Bxe7 Qxe7 22. Rh3 g6 23. Qf4 Rc7 24. g5 h5 25.
gxh6 Kh7 26. Rhf3 Rc2 27. h4 Rxb2 28. h5 g5 29. Qe4+ Kh8 30. Rf6 a5 31. h7 b4 32. Qg4 Rxa2 33. Qxg5 Qb7 34. R6f3 Qe4 35. Rg3 Qxh7 36. Qf6+ 1-0

[Event "Late-Titled-Tuesday-Blitz-April-30-2024"]
[Site "Chess.com"]
[Date "2024.04.30"]
[Round "10"]
[White "brother-bear"]
[Black "A4RookA3"]
[Result "1-0"]
[WhiteElo "2093"]
[BlackElo "2358"]
[TimeControl "180+1"]
[EndTime "15:53:30 PDT"]
[Termination "brother-bear won by resignation"]

1. d4 Nf6 2. c4 a5 3. Nc3 b6 4. e4 Bb7 5. Bd3 e6 6. Nge2 d5 7. cxd5 exd5 8. e5 Ne4 9. f3 Nxc3 10.
bxc3 Be7 11. O-O O-O 12. Qc2 g6 13. f4 f5 14. g4 Bc8 15. Ng3 Bh4 16. Ba3 Rf7 17.
gxf5 Bxg3 18. fxg6 Rg7 19. hxg3 Ba6 20. f5 Qg5 21. Bxa6 Nxa6 22. Qg2 Qxg3 23. Qxg3 1-0

[Event "Late-Titled-Tuesday-Blitz-April-30-2024"]
[Site "Chess.com"]
[Date "2024.04.30"]
[Round "10"]
[White "ab-lsv"]
[Black "Djager97"]
[Result "0-1"]
[WhiteElo "2391"]
[BlackElo "2581"]
[TimeControl "180+1"]
[EndTime "15:53:32 PDT"]
[Termination "Djager97 won by checkmate"]

1. d4 d5 2. c4 e6 3. Nc3 c6 4. e3 Nf6 5. Nf3 Nbd7 6. Be2 Bd6 7.
O-O O-O 8. b3 b6 9. Bb2 Bb7 10. Bd3 Rc8 11. e4 dxe4 12. Nxe4 Nxe4 13. Bxe4 Nf6 14. Bc2 c5 15. Re1 Bxf3 16. Qxf3 cxd4 17. Bxd4 Bxh2+ 18. Kxh2 Qxd4 19. Rad1 Qc5 20. g4 Rfd8 21. Qf4 h6 22. Rg1 Kf8 23. g5 Rxd1 24. Bxd1 hxg5 25. Rxg5 Qc7 26. Qxc7 Rxc7 27. Bf3 Rd7 28.
c5 Rd2 29. cxb6 axb6 30. Rb5 Rxf2+ 31. Kg3 Rxa2 32. Rxb6 g5 33. b4 Ra3 34. Kg2 g4 35.
Bc6 Nh5 36. b5 Nf4+ 37. Kf1 g3 38. Rb8+ Ke7 39. Rg8 Ra1# 0-1

[Event "Late-Titled-Tuesday-Blitz-April-30-2024"]
[Site "Chess.com"]
[Date "2024.04.30"]
[Round "10"]
[White "Moltini"]
[Black "maracayo"]
[Result "1-0"]
[WhiteElo "2497"]
[BlackElo "2366"]
[TimeControl "180+1"]
[EndTime "15:53:34 PDT"]
[Termination "Moltini won on time"]

1. d4 d6 2. c4 Nf6 3. Nc3 e5 4. d5 Be7 5. e4 O-O 6. g3 Ne8 7. Bg2 g6 8. Nge2 Ng7 9. f4 f5 10. O-O exf4 11. Nxf4 Nd7 12. b3 Bf6 13. Bb2 Nc5 14.
Qc2 a5 15. Rae1 Bd7 16. a4 Be5 17. Nd1 fxe4 18. Bxe5 dxe5 19. Ne2 Nd3 20. Rxf8+ Qxf8 21. Rf1 Qc5+ 22. Kh1 Bf5 23. Nec3 e3 24. Qe2 Qd4 25. Qxe3 Nc5 26. Nb5 Qxe3 27. Nxe3 Rc8 28. Nxf5 Nxf5 29. Bh3 Nxb3 30. Bxf5 gxf5 31. Rxf5 c6 32. Nd6 Rb8 33.
Rxe5 cxd5 34. Rxd5 Rd8 35. Nxb7 Re8 36. Nxa5 Re1+ 37.
Kg2 Nxa5 38. Rxa5 Rc1 39. c5 h5 40. h3 Rc2+ 41. Kf3 Rc3+ 42. Kf4 h4 43. gxh4 Rxh3 44.
Kg5 Rc3 45. h5 Kf7 46. Ra7+ Ke6 47. Rc7 Rg3+ 48. Kh6 Ra3 49. Kh7 Rxa4 50. h6 Rg4 51.
Rg7 Rh4 52. c6 1-0

[Event "Late-Titled-Tuesday-Blitz-April-30-2024"]
[Site "Chess.com"]
[Date "2024.04.30"]
[Round "10"]
[White "Iskusnyh"]
[Black "NajdorfPlayerc5"]
[Result "1-0"]
[WhiteElo "2620"]
[BlackElo "2490"]
[TimeControl "180+1"]
[EndTime "15:53:38 PDT"]
[Termination "Iskusnyh won on time"]

1. d4 Nf6 2. c4 e6 3. g3 c5 4.
Nf3 cxd4 5. Nxd4 d5 6. Bg2 Nc6 7. O-O Be7 8. Nc3 O-O 9. cxd5 exd5 10. b3 Be6 11. Bb2 Rc8 12. Rc1 Nxd4 13. Qxd4 Bc5 14.
Qd3 Qd7 15. Rfd1 Rfd8 16. Na4 Bf5 17. Nxc5 Rxc5 18. Qd4 Rxc1 19. Rxc1 Be6 20. Qxa7 Qb5 21. Bxf6 gxf6 22. Qe3 d4 23. Qf4 Qxe2 24. Qxf6 Re8 25. Qxd4 Bg4 26. Bf1 Qe7 27. Qxg4+ Kf8 28. Qd4 1-0

[Event "Late-Titled-Tuesday-Blitz-April-30-2024"]
[Site "Chess.com"]
[Date "2024.04.30"]
[Round "10"]
[White "manmanlai1"]
[Black "PenguinPacks"]
[Result "1-0"]
[WhiteElo "2579"]
[BlackElo "2488"]
[TimeControl "180+1"]
[EndTime "15:53:40 PDT"]
[Termination "manmanlai1 won by resignation"]

1. e4 c5 2. Nf3 d6 3. d4 cxd4 4. Nxd4 Nf6 5. Nc3 a6 6. h3 e5 7. Nde2 h5 8. Bg5 Be7 9. Qd2 b5 10. Bxf6 Bxf6 11. Nd5 Bb7 12. h4 Nd7 13. g3 Nb6 14.
Nxb6 Qxb6 15. Bg2 Rc8 16. O-O O-O 17. Rfd1 Rfd8 18. Nc3 b4 19. Nd5 Bxd5 20. exd5 Rc5 21. Be4 Rdc8 22. a3 bxa3 23. Rxa3 Qxb2 24. Rxa6 Be7 25.
Rda1 Rc4 26. Bf5 Rb8 27. Ra7 Rd4 28. Qa5 Bd8 29. Qa6 Rxd5 30. Qe2 g6 31. Bxg6 fxg6 32.
Qf3 Qxa1+ 33. Rxa1 e4 34. Qxe4 Rf5 35. Qe6+ Kh8 36.
Qe8+ Rf8 37. Qxf8+ 1-0

[Event "Late-Titled-Tuesday-Blitz-April-30-2024"]
[Site "Chess.com"]
[Date "2024.04.30"]
[Round "10"]
[White "grandmastergauri"]
[Black "RandomNoob04"]
[Result "1/2-1/2"]
[WhiteElo "2738"]
[BlackElo "2742"]
[TimeControl "180+1"]
[EndTime "15:53:41 PDT"]
[Termination "Game drawn by repetition"]

1. d4 Nf6 2. Nf3 c5 3. d5 b5 4. e4 Nxe4 5. Bd3 Nf6 6. Bxb5 e6 7. Nc3 Bb7 8. Bc4 exd5 9. Nxd5 Nxd5 10. Bxd5 Bxd5 11.
Qxd5 Nc6 12. Bg5 Be7 13. O-O O-O 14. Bxe7 Qxe7 15. Rfe1 Qf6 16. c3 Rab8 17. Re2 h6 18. Rd1 Rfe8 19. Red2 Ne5 20. Nxe5 Qxe5 21. Qxe5 Rxe5 22.
b3 c4 23. b4 a5 24. a3 axb4 25. axb4 Ra8 26. Rd4 d5 27. h3 Ra3 28. Rxd5 Rxd5 29. Rxd5 Rxc3 30. Rc5 Rc1+ 31. Kh2 c3 32. h4 c2 33. h5 Rb1 34. Rxc2 Rxb4 35. g3 Rb5 36. g4 f5 37. Rc8+ Kh7 38. f3 fxg4 39. fxg4 Rb3 40. Kg2 Ra3 41. Rc6 Rb3 42. Re6 Ra3 43. Kf2 Rb3 44. Re3 Rxe3 45. Kxe3 g6 46. Kf4 gxh5 47. gxh5 Kg7 48. Kf5 Kf7 49. Ke5 Ke7 50. Kf5 Kf7 51. Ke5 Ke7 52. Kf5 Kf7 1/2-1/2

[Event "Late-Titled-Tuesday-Blitz-April-30-2024"]
[Site "Chess.com"]
[Date "2024.04.30"]
[Round "10"]
[White "sergiochess83"]
[Black "Crazy_girl99"]
[Result "1-0"]
[WhiteElo "2911"]
[BlackElo "2661"]
[TimeControl "180+1"]
[EndTime "15:53:42 PDT"]
[Termination "sergiochess83 won by resignation"]

1. d4 Nf6 2. c4 e6 3. Nc3 d5 4.
cxd5 exd5 5. Bg5 c6 6. e3 Be7 7.
Bd3 Be6 8. h3 Nbd7 9. Nge2 h6 10. Bf4 O-O 11. O-O Re8 12. Qc2 Nf8 13. Rad1 Bd6 14.
Be5 Bxe5 15. dxe5 N6d7 16. f4 Nc5 17. Nd4 Qh4 18. Kh2 Bd7 19. b4 Nxd3 20. Qxd3 Rad8 21.
e4 Be6 22. exd5 Bxd5 23. Nf5 Qh5 24. Nd6 Re6 25. Nxd5 cxd5 26. Nxb7 Rb8 27. Nc5 Rg6 28. a3 Rd8 29. Qf3 Qh4 30. f5 Rg5 31. e6 Re8 32. exf7+ Kxf7 33. Qxd5+ Kf6 34. Rd3 Re1 35. Rxe1 Qxe1 36.
Ne4+ Ke7 37. Qe5+ Kf7 38. Nxg5+ 1-0

[Event "Late-Titled-Tuesday-Blitz-April-30-2024"]
[Site "Chess.com"]
[Date "2024.04.30"]
[Round "10"]
[White "Laico"]
[Black "Mugiwara2b"]
[Result "0-1"]
[WhiteElo "2422"]
[BlackElo "2587"]
[TimeControl "180+1"]
[EndTime "15:53:42 PDT"]
[Termination "Mugiwara2b won by resignation"]

1. e4 e6 2. d4 d5 3. Nd2 Ne7 4.
Ngf3 Nd7 5. c4 dxe4 6. Nxe4 b6 7.
Bd3 Bb7 8. O-O Ng6 9. d5 exd5 10.
cxd5 Be7 11. Neg5 O-O 12. Bxg6 hxg6 13. Qd4 Nf6 14. Qh4 Qxd5 15. Bf4 Nh5 16. Bxc7 Bxg5 17. Qxg5 Rac8 18. Be5 Rc5 19. Rfd1 Qe6 20. Rd6 Qc4 21. b3 Qc2 22. Nd4 Qc3 23. Nc6 Qxa1+ 24. Bxa1 Rxg5 0-1

[Event "Late-Titled-Tuesday-Blitz-April-30-2024"]
[Site "Chess.com"]
[Date "2024.04.30"]
[Round "10"]
[White "ozates"]
[Black "KogotBobra17"]
[Result "1-0"]
[WhiteElo "2641"]
[BlackElo "2766"]
[TimeControl "180+1"]
[EndTime "15:53:43 PDT"]
[Termination "ozates won by resignation"]

1. e4 c5 2. Nf3 Nc6 3. Bb5 g5 4.
h3 Nf6 5. Nc3 g4 6. hxg4 Nxg4 7.
d4 a6 8. Bc4 Bg7 9. Bxf7+ Kxf7 10. Ng5+ Kg8 11. Qxg4 Nxd4 12. Qh5 Qf8 13. Nxh7 Nxc2+ 14. Kd1 Qxf2 15. Qe8+ Bf8 16. Qg6+ Bg7 17. Nd5 Rxh7 18.
Qxh7+ Kf8 19. Bh6 Qd4+ 20. Kxc2 Qxb2+ 21. Kd3 Qd4+ 22. Ke2 Qxe4+ 23. Qxe4 1-0

[Event "Late-Titled-Tuesday-Blitz-April-30-2024"]
[Site "Chess.com"]
[Date "2024.04.30"]
[Round "10"]
[White "imdvb6307"]
[Black "KorolDimitriy75"]
[Result "1-0"]
[WhiteElo "2529"]
[BlackElo "2355"]
[TimeControl "180+1"]
[EndTime "15:53:44 PDT"]
[Termination "imdvb6307 won on time"]

1. d4 Nf6 2. Nf3 g6 3. c4 c5 4. Nc3 cxd4 5. Nxd4 Nc6 6. e4 Bg7 7. Be3 O-O 8. h3 d6 9. Be2 Bd7 10. O-O Nxd4 11. Bxd4 Bc6 12. Qc2 a5 13. Rad1 Nd7 14.
Bxg7 Kxg7 15. Bg4 Qc7 16. Bxd7 Bxd7 17. Nd5 Qd8 18. Qc3+ Kg8 19. e5 Bc6 20. exd6 Qxd6 21. Nb6 Qc5 22. Nxa8 Rxa8 23. Rfe1 e6 24. b3 h5 25. Qe5 Qe7 26. Rd3 a4 27. Qd6 Qg5 28.
Rg3 Qf5 29. b4 Qf6 30. b5 Rd8 31. Qe5 Qxe5 32. Rxe5 Rd1+ 33. Kh2 Be8 34. Ra3 Rd2 35. Kg3 h4+ 36. Kf3 Kg7 37. Rxa4 Kf6 38. Re3 e5 39. Ra7 Bd7 40. Rxb7 Be6 41. Rc7 Rc2 42. Rc6 Kf5 43. g4+ hxg3 44. fxg3 1-0

[Event "Late-Titled-Tuesday-Blitz-April-30-2024"]
[Site "Chess.com"]
[Date "2024.04.30"]
[Round "10"]
[White "Nemsko"]
[Black "rhwr"]
[Result "0-1"]
[WhiteElo "2435"]
[BlackElo "2296"]
[TimeControl "180+1"]
[EndTime "15:53:44 PDT"]
[Termination "rhwr won by resignation"]

1. e4 c5 2. Nf3 d6 3. d4 cxd4 4. Nxd4 Nf6 5. Nc3 e5 6. Nf3 Be7 7. h3 O-O 8. Be3 h6 9. Bc4 Be6 10. Bxe6 fxe6 11. O-O Nc6 12. Qd2 d5 13. exd5 exd5 14.
Bxh6 gxh6 15. Qxh6 d4 16. Qg6+ Kh8 17. Ng5 Qe8 18.
Qh6+ Kg8 19. Nd5 Rf7 20. Nc7 Qf8 21. Nxf7 Kxf7 22. Qg5 Rc8 23. Nb5 a6 24. Na3 Qg7 25.
Qf5 Rg8 26. g3 Qh7 27. Qxh7+ Nxh7 28. Kg2 b5 29. Nb1 Nb4 30. Nd2 Nxc2 31. Rac1 d3 32.
Rfd1 Rd8 33. Ne4 Ng5 34. Nd2 Nd4 35. Rc5 Bxc5 0-1

[Event "Late-Titled-Tuesday-Blitz-April-30-2024"]
[Site "Chess.com"]
[Date "2024.04.30"]
[Round "10"]
[White "AlexeiShirov"]
[Black "RuperezA"]
[Result "1-0"]
[WhiteElo "2835"]
[BlackElo "2640"]
[TimeControl "180+1"]
[EndTime "15:53:45 PDT"]
[Termination "AlexeiShirov won by resignation"]

1. e4 e6 2. d4 d5 3. e5 c5 4. c3 Nc6 5. Nf3 Qb6 6. a3 Nh6 7. b4 cxd4 8. Bxh6 gxh6 9. cxd4 Rg8 10. Nc3 Bd7 11. Na4 Qd8 12. Rc1 Rc8 13. Nc5 Rc7 14. g3 Qc8 15. Bb5 Nxe5 16. Bxd7+ Nxd7 17. O-O b6 18. Nxd7 Kxd7 19. Qa4+ Ke7 20. Rxc7+ Qxc7 21. Ne5 Bg7 22. Nc6+ Kf6 23. Rc1 Rc8 24. b5 Bf8 25. Rc3 Kg7 26. Rd3 a5 27. Qd1 Kh8 28. a4 Bg7 29.
Qg4 Qd6 30. Rf3 f5 31. Qh5 Rf8 32. Kg2 Qd7 33. Re3 Qd6 34. f4 Qd7 35. Qe2 Rf6 36. Ne5 Qd6 37. Rc3 Rf8 38. Rc6 Qa3 39. Rxb6 Qxa4 40. Rxe6 Qxd4 41. Nd7 Rg8 42. b6 a4 43.
b7 a3 44. Re8 Qb2 45. Rxg8+ Kxg8 46. b8=Q+ Qxb8 1-0

[Event "Late-Titled-Tuesday-Blitz-April-30-2024"]
[Site "Chess.com"]
[Date "2024.04.30"]
[Round "10"]
[White "GlavkonVVS"]
[Black "Sinquefield"]
[Result "1-0"]
[WhiteElo "2692"]
[BlackElo "2522"]
[TimeControl "180+1"]
[EndTime "15:53:53 PDT"]
[Termination "GlavkonVVS won by resignation"]

1. c4 e5 2. Nc3 Nf6 3. g3 d6 4.
Bg2 Nbd7 5. Nf3 Be7 6. d3 O-O 7.
Rb1 c6 8. b4 d5 9. O-O Re8 10. e4 dxe4 11. dxe4 a5 12. a3 Qc7 13. c5 b6 14. cxb6 Qxb6 15. Be3 Qc7 16. Qc2 Ba6 17. Rfc1 axb4 18. axb4 Reb8 19. Nd5 Nxd5 20. exd5 Rxb4 21. Rxb4 Bxb4 22. dxc6 Nf6 23. Nxe5 Qxe5 24. c7 Rf8 25. Qa4 Qa5 26. Ra1 Qxa4 27. Rxa4 Bd6 28. Rxa6 Bxc7 29. h3 h6 30. g4 Rb8 31. Bf3 Be5 32. Kg2 Bc7 33. h4 Bd8 34. Rc6 Be7 35. g5 hxg5 36. hxg5 Nh7 37. g6 fxg6 38. Bd5+ Kf8 39. Rxg6 Nf6 40. Bf3 Rb5 41. Rg3 Kf7 42. Rh3 Ra5 43. Rh1 Rb5 44. Rc1 Nd5 45. Bd4 Bf6 46.
Bc5 Be7 47. Bxd5+ Ke8 48. Bc6+ 1-0

[Event "Late-Titled-Tuesday-Blitz-April-30-2024"]
[Site "Chess.com"]
[Date "2024.04.30"]
[Round "10"]
[White "super_emi_26"]
[Black "TigrVShlyape"]
[Result "0-1"]
[WhiteElo "2780"]
[BlackElo "2948"]
[TimeControl "180+1"]
[EndTime "15:53:54 PDT"]
[Termination "TigrVShlyape won by resignation"]

1. b3 d5 2. Bb2 Bf5 3. Nf3 e6 4. e3 Nf6 5. c4 c6 6. Nc3 Nbd7 7. d4 Ne4 8. Nxe4 Bxe4 9. Nd2 Bg6 10. Be2 Bd6 11. O-O O-O 12. Bf3 Nf6 13. a3 a5 14.
Re1 b5 15. cxb5 cxb5 16. Qe2 Qb6 17. Rec1 Rfc8 18. Qf1 h6 19. Rxc8+ Rxc8 20. Rc1 Rc6 21. Be2 b4 22. a4 Bf5 23. Bb5 Rc7 24. h3 g5 25. Bd3 Rxc1 26. Bxc1 Bxd3 27. Qxd3 Qc6 28. Bb2 Kf8 29. Kf1 h5 30. Ke2 g4 31. hxg4 hxg4 32. f3 gxf3+ 33. gxf3 Ke7 34. Kd1 Nh5 35. Qh7 Ng3 36. Qh4+ Ke8 37. Qh8+ Bf8 38. Qh2 Bd6 39. Qf2 Qa6 40. Kc2 Kd7 41. e4 Bf4 42. exd5 exd5 43.
Bc1 Qg6+ 44. Kd1 Qd3 45. Qg2 Nf5 46. Qg4 Ke7 47. Qxf4 Ne3+ 48. Ke1 Ng2+ 0-1